 Dungeon Crawl Stone Soup version 0.31.0-12-g77e489cdc1 (webtiles) character file.

Game seed: 16779275779673399857

530 Cheops the Changeling (level 7, -4/43 HPs)
             Began as an Octopode Shapeshifter on Mar 1, 2024.
             Slain by a gnoll
             ... wielding a +0 mace
             ... led by a gnoll sergeant
              (9 damage)
             ... on level 5 of the Dungeon.
             The game lasted 00:09:10 (3503 turns).

Cheops the Changeling (Octopode Shapeshifter)       Turns: 3503, Time: 00:09:11

Health: -4/43      AC:  1    Str: 21 (22) XL:     7   Next: 24%
Magic:  7/7        EV: 18    Int: 12      God:
Gold:   243        SH:  0    Dex:  9 (11) Spells: 6/6 levels left

rFire   . .          .
                       - Unarmed
rCold   . . .        (no shield)
rNeg    . . .        (helmet currently unavailable)
rPois   .            (no amulet)
rElec   .            r - ring of flight
rCorr   .            u - +6 ring of strength
SInv    .            z - +5 ring of evasion
Will    .....        (no ring)
Stlth   ++           (no ring)
HPRegen 0.27/turn    (no ring)
MPRegen 0.10/turn    (no ring)
                     (no ring)

%: no passive effects
@: beast-form, flying
A: beast (slay +3), almost no armour, amphibious, 8 rings, camouflage 1,
gelatinous body 1, (nimble swimmer 1), tentacles
a: Begin Untransformation


You were on level 5 of the Dungeon.
You were a hulking beast.
You visited 1 branch of the dungeon, and saw 5 of its levels.

You collected 243 gold pieces.

Inventory:

Jewellery
 r - a ring of flight (left tentacle)
 u - a +6 ring of strength (right tentacle)
 x - an amulet of faith
 z - a +5 ring of evasion (on tentacle)
Talismans
 b - a beast talisman (active)
 c - a flux talisman
Wands
 v - a wand of roots (5)
 y - a wand of polymorph (11)
 B - a wand of digging (4)
Scrolls
 d - 2 scrolls of immolation {unknown}
 h - a scroll of noise {unknown}
 i - a scroll of torment {unknown}
 j - a scroll of enchant armour {unknown}
 l - 2 scrolls of enchant weapon {unknown}
 m - a scroll of fog {unknown}
 n - a scroll of blinking {unknown}
 p - a scroll of teleportation {unknown}
 q - a scroll of identify {unknown}
 A - a scroll of poison {unknown}
Potions
 a - a potion of lignification
 e - a potion of might {unknown}
 f - a potion of haste {unknown}
 g - 3 potions of brilliance {unknown}
 k - a potion of heal wounds
 o - 2 potions of degeneration
 s - a potion of berserk rage {unknown}
 t - a potion of attraction {unknown}
 w - a potion of cancellation {unknown}
 C - a potion of enlightenment {unknown}


   Skills:
 - Level 1.0 Fighting
 - Level 2.0 Dodging
 - Level 5.0 Unarmed Combat
 + Level 6.5 Shapeshifting


You had 6 spell levels left.
You didn't know any spells.
Your spell library contained the following spells:

 Spells                   Type           Power      Damage    Failure   Level
 Call Canine Familiar     Summ           0%         N/A       69%         3
 Sigil of Binding         Hex            0%         N/A       69%         3
 Dimensional Bullseye     Hex/Tloc       0%         N/A       97%         4


Dungeon Overview and Level Annotations

Branches:
Dungeon (5/15)
 Temple: D:4-7

Altars:
The Shining One

Annotations:
D:4 3 runed translucent doors, Ekaitz's ghost, amateur TeAE


Innate Abilities, Weirdness & Mutations

You are a hulking beast.
Your limbs bulge with bestial killing power. (Slay +3)
You cannot wear most types of armour.
You are amphibious.
You can wear up to eight rings at the same time.
Your skin changes colour to match your surroundings (Stealth+).
Your rubbery body absorbs attacks. (AC +1, EV +1)
((You are camouflaged when in or above water. (Stealth+)))
You have tentacles for arms and can constrict up to eight enemies at once.


Message History

The gnoll sergeant struggles to escape constriction.
Unknown command.
Unknown command.
You tentacle-slap the gnoll sergeant.
You tentacle-slap the gnoll sergeant, but do no damage.
The gnoll sergeant is heavily wounded.
You constrict the gnoll sergeant.
The gnoll sergeant struggles to escape constriction.
Unknown command.
Unknown command.
You tentacle-slap the gnoll sergeant but do no damage.
You tentacle-slap the gnoll sergeant.
The gnoll sergeant is severely wounded.
You constrict the gnoll sergeant.
The gnoll sergeant escapes!
The gnoll closely misses you.
You closely miss the gnoll sergeant. You grab the gnoll sergeant.
The gnoll sergeant is severely wounded.
You constrict the gnoll sergeant, but do no damage.
The gnoll closely misses you. The gnoll sergeant misses you.
The gnoll misses you.
Unknown command.
You tentacle-slap the gnoll sergeant.
The gnoll sergeant is almost dead.
You constrict the gnoll sergeant, but do no damage.
The gnoll hits you with a +0 mace.
* * * LOW HITPOINT WARNING * * *
The gnoll hits you from afar with a +0 spear!
* * * LOW HITPOINT WARNING * * *
The gnoll sergeant misses you.
Unknown command.
You tentacle-slap the gnoll sergeant.
The gnoll sergeant is almost dead.
You constrict the gnoll sergeant.
You kill the gnoll sergeant!
The gnoll barely misses you. The gnoll hits you with a +0 mace!
* * * LOW HITPOINT WARNING * * *
You feel your intelligence returning.
Unknown command.
The gnoll attacks as it pursues you! The gnoll hits you with a +0 mace!
You die...

#.......... #...
##.......... #....
#[.......... #....#
#.......?...
.#####....####..[........
... ......##.)$..<....).#
#..# #.....#.#..........#
###..#
#......)..........##
.....# ##....ggh#)$......#
###.# #......#.<.[......
..#.# #.....##.........
#...# #.....##.........
##..# #.....##.........
....#### #.....##.........
#......######...##÷.......
#...##..## ##...[#......#
###...#..# #†##.##.#####


You could see 2 gnolls.

Vanquished Creatures
  A water moccasin (D:5)
  A gnoll sergeant (D:5)
  A bombardier beetle (D:4)
  An orc priest (D:3)
  2 hounds (D:4)
  An orc wizard (D:5)
  Robin (D:4)
  2 adders
  6 gnolls
  A white imp (D:5)
  3 dart slugs
  12 orcs
  6 endoplasms
  7 giant cockroaches
  14 goblins
  9 hobgoblins
  2 jackals (D:5)
  10 kobolds
  8 quokkas
  5 ball pythons
  5 bats
  5 frilled lizards
  9 rats
112 creatures vanquished.

Notes
Turn   | Place    | Note
-------+----------+-------------------------------------------
     0 | D:1      | Cheops the Octopode Shapeshifter began the quest for the
                  | Orb.
     0 | D:1      | Reached XP level 1. HP: 13/13 MP: 1/1
   138 | D:1      | Reached XP level 2. HP: 16/18 MP: 2/2
   573 | D:1      | Reached XP level 3. HP: 23/23 MP: 3/3
  1475 | D:3      | Reached XP level 4. HP: 28/28 MP: 4/4
  1509 | D:3      | Found a glowing golden altar of the Shining One.
  1630 | D:3      | Reached skill level 5 in Unarmed Combat
  1866 | D:3      | Reached XP level 5. HP: 20/33 MP: 5/5
  1935 | D:3      | Reached skill level 4 in Shapeshifting
  2472 | D:4      | Identified the +7 mace "Diucsel" {chaos, rF- Str+3 Dex+5}
  2755 | D:4      | Found a runed translucent gate.
  2755 | D:4      | Found a runed translucent gate.
  2755 | D:4      | Found a runed translucent gate.
  2755 | D:4      | Noticed Ekaitz's ghost (amateur TeAE)
  2780 | D:4      | Reached XP level 6. HP: 38/38 MP: 6/6
  2795 | D:4      | Reached skill level 5 in Shapeshifting
  2933 | D:4      | Noticed Robin
  2942 | D:4      | Killed Robin
  3153 | D:5      | Entered Level 5 of the Dungeon
  3206 | D:5      | Noticed a water moccasin
  3213 | D:5      | Killed a water moccasin
  3214 | D:5      | Reached skill level 6 in Shapeshifting
  3351 | D:5      | Reached XP level 7. HP: 30/43 MP: 7/7
  3503 | D:5      | Slain by a gnoll

Illustrated notes

Levels and vault maps discovered:
D:1:      dpeg_arrival_solitude, layout_loops_cross, nrook_loot_triangle,
          minmay_misc_feat_ornament, minmay_misc_feat_more_columns
D:2:      layout_rooms, minmay_misc_feat_alley, chequers_serial_rivers_micro_c
D:3:      layout_loops_corners, nicolae_overflow_hidden_temple
D:4:      layout_loops_ring, ebering_ghost_rock_garden, uniq_robin
D:5:      layout_rooms, mainiacjoe_overflow_six_doors_small,
          mainiacjoe_overflow_swirl, lemuel_temple_firewalk_b

Skill      XL: |  1  2  3  4  5  6 |
---------------+-------------------+-----
Unarmed Combat | 4 5 |  5.0
Shapeshifting  | 4 6 |  6.5
Fighting       | |  1.0
Dodging        | |  2.0

Action                     |  1- 3 |  4- 6 |  7- 9 || total
---------------------------+-------+-------+-------++-------
  Melee: Unarmed           |    88 |   105 |    20 ||   213
         Constrict         |    15 |    32 |     4 ||    51
         Tentacles         |    14 |    13 |     3 ||    30
         Punch             |       |     4 |     2 ||     6
Ability: Begin Untransform |     1 |       |       ||     1
    Use: Potion            |       |     2 |       ||     2
   Stab: Sleeping          |     3 |     7 |       ||    10
 Armour: Skin              |    41 |    29 |    15 ||    85
  Dodge: Dodged            |    44 |    58 |    15 ||   117
   Form: Beast             |     1 |       |       ||     1
